 Dungeon Crawl Stone Soup version 0.32-a0-35-gd9ff480968 (webtiles) character file.

Game seed: 6354199236785493239

168 IdlyInterested the Twirler (level 5, -2/38 HPs)
             Began as a Demonspawn Gladiator on Jan 22, 2024.
             Slain by an orc
             ... wielding a +0 trident
              (6 damage)
             ... on level 3 of the Dungeon.
             The game lasted 00:06:01 (2037 turns).

IdlyInterested the Twirler (Demonspawn Gladiator)   Turns: 2037, Time: 00:06:02

Health: -2/38      AC:  6    Str: 14    XL:     5   Next: 24%
Magic:  5/5        EV: 11    Int: 10    God:
Gold:   151        SH:  0    Dex: 17    Spells: 4/4 levels left

rFire   . . .        a - +0 quarterstaff
rCold   . . .        (shield currently unavailable)
rNeg    . . .        i - +0 ring mail
rPois   .            c - +0 helmet
rElec   .            (no cloak)
rCorr   .            (no gloves)
SInv    .            (no boots)
Will    +....        (no amulet)
Stlth   ++           j - ring of willpower
HPRegen 0.26/turn    (no ring)
MPRegen 0.09/turn

%: no passive effects
@: no status effects
A: thin skeletal structure 1, demonic magic 1, weakness stinger 1
a: no special abilities


You were on level 3 of the Dungeon.
You visited 1 branch of the dungeon, and saw 3 of its levels.

You collected 151 gold pieces.

Inventory:

Hand Weapons
 a - a +0 quarterstaff (weapon)
 f - a +0 dagger
 l - a +0 whip
 t - a +0 short sword
 x - a +0 rapier
Missiles
 d - 3 throwing nets
 e - a javelin
 g - 25 stones (quivered)
 p - 4 boomerangs
Armour
 b - a +0 leather armour
 c - a +0 helmet (worn)
 i - a +0 ring mail (worn)
 y - a +0 scale mail
Jewellery
 j - a ring of willpower (left hand)
 q - an amulet of faith
Scrolls
 m - a scroll of immolation
 r - a scroll of teleportation {unknown}
 s - a scroll of torment {unknown}
 u - a scroll of summoning {unknown}
 v - a scroll of blinking {unknown}
 w - a scroll of fog {unknown}
Potions
 h - a potion of lignification {unknown}
 k - a potion of resistance {unknown}
 n - a potion of degeneration {unknown}
 o - a potion of might {unknown}
 z - a potion of heal wounds {unknown}


   Skills:
 - Level 2.0 Fighting
 + Level 3.5 Staves
 - Level 2.0 Throwing
 - Level 1.0 Armour
 - Level 3.0 Dodging
 + Level 0.6 Stealth
 * Level 3.5 Evocations


You had 4 spell levels left.
You didn't know any spells.
Your spell library contained the following spells:

 Spells                   Type           Power      Damage    Failure   Level
 Sting                    Conj/Alch      0%         1d3       61%         1
 Mercury Vapours          Alch/Air       0%         N/A       75%         2
 Olgreb's Toxic Radiance  Alch           0%         N/A       100%        4


Dungeon Overview and Level Annotations

Branches:
Dungeon (3/15)

Altars:


Innate Abilities, Weirdness & Mutations

You have a somewhat thin skeletal structure. (Dex +2, Stealth+)
Spells you cast may paralyse adjacent enemies.
You have a small tail.


Message History

You hit the orc.
The orc is moderately wounded.
The goblin barely misses you. The orc hits you with a +0 trident.
The orc wizard hits you but does no damage.
The goblin hits you but does no damage.
You barely miss the orc.
You tail-slap the orc, but do no damage.
The orc is moderately wounded.
The orc hits you with a +0 trident! The orc wizard barely misses you.
The goblin hits you with a +0 dagger.
You closely miss the orc wizard. The orc hits you but does no damage.
The orc wizard hits you but does no damage.
A goblin comes into view. It is wielding a +0 dagger.
The goblin hits you but does no damage. The orc misses you.
You sock the orc wizard!
The orc wizard is severely wounded.
The orc wizard hits you with a +0 dagger.
The goblin hits you but does no damage. The orc misses you.
You hit the orc wizard.
The orc wizard is almost dead.
The orc wizard casts a spell at you. The magic dart hits you.
The goblin hits you but does no damage. The orc hits you with a +0 trident.
The orc wizard hits you but does no damage.
You barely miss the orc wizard.
The orc wizard is almost dead.
A goblin comes into view. It is wielding a +0 club.
The goblin hits you with a +0 dagger. The orc hits you with a +0 trident.
* * * LOW HITPOINT WARNING * * *
The orc wizard hits you but does no damage.
The goblin shouts!
You hit the orc wizard.
You kill the orc wizard!
You hear a shout! x2
The goblin hits you with a +0 dagger.
* * * LOW HITPOINT WARNING * * *
The orc barely misses you. The quokka barely misses you.
The goblin attacks as it pursues you! The goblin hits you but does no damage.
The orc hits you from afar with a +0 trident.
You die...

. ####.#........+.....####
.#########......)......#.....#
.................#..####.....#
#..................## #.....####
#.....†...........## #.........
#...............g.######....#####
#..............ro.##........#
#.........##...#g###.##.....#
#.........##...#@# #.##.....#
#.........##.....###.##.#####
†)........###..##.....#.#
#.###########...#.#####.# #.#
#.....#.#..<...<#.#
#.#####.........#.....#.#
#............##.#...#.#
#.........#...#.#...# #
#.........#...#.#.....


You could see an orc, a quokka and 2 goblins.

Vanquished Creatures
  Natasha (thrice) (D:2)
  An orc wizard (D:3)
  2 adders
  3 dart slugs (D:1)
  A ribbon worm (D:3)
  2 orcs (D:3)
  5 ball pythons
  4 endoplasms
  5 goblins
  4 hobgoblins
  7 kobolds
  2 quokkas (D:1)
  3 bats
  A frilled lizard (D:2)
  3 rats
46 creatures vanquished.

Notes
Turn   | Place    | Note
-------+----------+-------------------------------------------
     0 | D:1      | IdlyInterested the Demonspawn Gladiator began the quest for
                  | the Orb.
     0 | D:1      | Reached XP level 1. HP: 16/16 MP: 1/1
   150 | D:1      | Reached skill level 1 in Evocations
   182 | D:1      | Gained mutation: You have a somewhat thin skeletal
                  | structure. (Dex +2, Stealth+) [demonic ancestry]
   182 | D:1      | Reached XP level 2. HP: 22/22 MP: 2/2
   954 | D:2      | Gained mutation: You have a small tail. [demonic ancestry]
   954 | D:2      | Reached XP level 3. HP: 20/27 MP: 3/3
   996 | D:2      | Found a faded altar of an unknown god.
  1392 | D:2      | Noticed Natasha
  1395 | D:2      | Killed Natasha
  1396 | D:2      | Reached skill level 1 in Armour
  1396 | D:2      | Reached XP level 4. HP: 30/33 MP: 4/4
  1534 | D:2      | Noticed Natasha
  1539 | D:2      | Killed Natasha
  1578 | D:2      | Noticed Natasha
  1585 | D:2      | Killed Natasha
  1955 | D:3      | Gained mutation: Spells you cast may paralyse adjacent
                  | enemies. [demonic ancestry]
  1955 | D:3      | Reached XP level 5. HP: 26/38 MP: 5/5
  2037 | D:3      | Slain by an orc

Illustrated notes

Levels and vault maps discovered:
D:1:      evilmike_arrival_crescent, layout_loops_ring
D:2:      layout_basic, shapermc_ecumenical_altar_gd, uniq_natasha
D:3:      layout_basic, amethyst_killhole, grunt_ministairs_5, uniq_robin

Skill      XL: |  1  2  3  4 |
---------------+-------------+-----
Throwing       | 2 |  2.0
Evocations     | 1 2 3 |  3.5
Staves         | 3 |  3.5
Armour         | 1 |  1.0
Dodging        | 3 |  3.0
Fighting       | |  2.0
Stealth        | |  0.6

Action                     |  1- 3 |  4- 6 || total
---------------------------+-------+-------++-------
  Melee: Quarterstaff      |   103 |    44 ||   147
         Tailslap          |     8 |     6 ||    14
    Use: Scroll            |     1 |       ||     1
   Stab: Sleeping          |     4 |     2 ||     6
 Armour: Leather armour    |    12 |       ||    12
         Ring mail         |    39 |    39 ||    78
  Dodge: Dodged            |    48 |    33 ||    81

Table legend: (Time is in decaauts)
 A = Elapsed time spent in this place.
 B = Non-inter-level travel time spent in this place.
 C = Inter-level travel time spent in this place.
 D = Time resting spent in this place.
 E = Time spent auto-exploring this place.
 F = Levels seen in this place.
 G = Mean time per level.
                   A        B        C        D        E       F      G
               +--------+--------+--------+--------+--------+-----+--------+
         Total |   2061 |   1817 |    244 |    124 |   1099 |   3 |  687.0 |
       Dungeon |   2061 |   1817 |    244 |    124 |   1099 |   3 |  687.0 |
               +--------+--------+--------+--------+--------+-----+--------+

Top non-repeatable levels by time:
     D:1: 933 daAuts
     D:2: 918 daAuts
     D:3: 209 daAuts
